 Dungeon Crawl Stone Soup version 0.23.1 (webtiles) character file.

Game seed: 2744886813089150499

196 Borgoz the Skirmisher (level 5, -2/46 HPs)
             Began as a Ghoul Monk on Mar 17, 2019.
             Slain by a sky beast (5 damage)
             ... on level 4 of the Dungeon.
             The game lasted 00:04:52 (2658 turns).

Borgoz the Skirmisher (Ghoul Monk)                  Turns: 2658, Time: 00:04:52

Health: -2/46      AC:  6    Str: 15    XL:     5   Next: 75%
Magic:  4/4        EV: 17    Int:  6    God:
Gold:   70         SH:  0    Dex: 16    Spells: 4/4 levels left

rFire    . . .     SeeInvis .   a - +0 short sword
rCold    + . .     Gourm    .   (no shield)
rNeg     + + +     Faith    .   k - +0 ring mail
rPois    ∞         Spirit   .   r - +0 helmet (curse)
rElec    .         Reflect  .   n - scarf {cloud immunity}
rCorr    .         Harm     .   (no gloves)
MR       .....                  (no boots)
Stlth    ++++......             (no amulet)
HPRegen  0.00/turn              d - ring of stealth
MPRegen  0.09/turn              (no ring)

@: agile, rotting
A: rotting body, claws 1, carnivore, cold resistance 1, negative energy
resistance 3, inhibited regeneration, torment resistance, unbreathing
a: no special abilities


You were on level 4 of the Dungeon.
You were not hungry.

You visited 1 branch of the dungeon, and saw 4 of its levels.

You collected 70 gold pieces.

Inventory:

Hand Weapons
 a - a +0 short sword (weapon)
Armour
 h - a +0 scale mail
 k - a +0 ring mail (worn)
 n - a scarf of cloud immunity (worn)
 r - a cursed +0 helmet (worn)
Jewellery
 d - a ring of stealth (left claw)
Scrolls
 b - a scroll of enchant weapon {unknown}
 e - a scroll of fog
 f - a scroll of amnesia {unknown}
 g - a scroll of enchant armour {unknown}
 j - a scroll of noise {unknown}
 l - a scroll of teleportation {unknown}
 m - 3 scrolls of remove curse {unknown}
 q - 3 scrolls of identify {unknown}
Comestibles
 c - 9 rations


   Skills:
 + Level 3.8 Fighting
 * Level 3.7 Short Blades
 * Level 2.2 Armour
 * Level 3.6 Dodging
 + Level 3.1 Stealth


You had 4 spell levels left.
You didn't know any spells.
Your spell library was empty.

Dungeon Overview and Level Annotations

Branches:
Dungeon (4/15)
 Temple: D:4-7

Altars:
Ashenzari

Annotations:
D:3 2 transporters


Innate Abilities, Weirdness & Mutations

Your body is rotting away.
You thrive on raw meat.
You are immune to poison.
You have sharp fingernails.
You are carnivorous and can eat meat at any time.
Your flesh is cold resistant. (rC+)
You are immune to negative energy. (rN+++)
You do not regenerate when monsters are visible.
You are immune to unholy pain and torment.
You can survive without breathing.


Message History

You hit something. Something hits you but does no damage.
You closely miss something. Something barely misses you.
You miss something. Something hits you but does no damage.
You hit something. Something hits you.
* * * LOW HITPOINT WARNING * * *
Something shocks you.
* * * LOW HITPOINT WARNING * * *
You hit something. You hit something.
A sky beast appears from thin air!
Reactivating autopickup.
The sky beast hits you but does no damage.
You closely miss the sky beast.
The sky beast is heavily wounded.
The sky beast misses you.
You hit the sky beast but do no damage.
The sky beast is heavily wounded.
The sky beast hits you.
* * * LOW HITPOINT WARNING * * *
The sky beast shocks you.
You die...

######### ####
##.......# #..##
........÷###...##
..........####..##
.........<# ##.@##
..........# ###Y##
. ..........#
##.## ..
..........# ##.###
Y.. ...........#
#....## ...#
...........#
##.....### .....
#..........#
#........##......
##........##
#......##........
##.#.....##
##.....####.......


You could see a sky beast.

Vanquished Creatures
  An ogre (D:3)
  A gnoll (D:2)
  3 adders
  3 oozes (D:1)
  2 worms (D:2)
  A dart slug (D:1)
  A leopard gecko (D:1)
  3 giant cockroaches
  4 goblins
  8 hobgoblins
  6 jackals (D:1)
  6 bats
  7 frilled lizards
  3 kobolds
  9 rats
58 creatures vanquished.

Notes
Turn   | Place    | Note
-------+----------+-------------------------------------------
     0 | D:1      | Borgoz the Ghoul Monk began the quest for the Orb.
     0 | D:1      | Reached XP level 1. HP: 19/19 MP: 0/0
    82 | D:1      | Reached XP level 2. HP: 17/26 MP: 1/1
   428 | D:1      | Reached XP level 3. HP: 15/31 MP: 2/2
   444 | D:1      | Reached skill level 1 in Armour
  1144 | D:2      | Reached XP level 4. HP: 22/37 MP: 3/3
  2008 | D:3      | Found a transporter.
  2008 | D:3      | Noticed a gnoll sergeant
  2009 | D:3      | Noticed a hippogriff
  2063 | D:3      | Found a transporter.
  2102 | D:3      | Found a shattered altar of Ashenzari.
  2148 | D:3      | Noticed an ogre
  2164 | D:3      | Killed an ogre
  2164 | D:3      | Reached XP level 5. HP: 2/46 MP: 4/4
  2621 | D:4      | Noticed a sky beast
  2658 | D:4      | Slain by a sky beast

Skill      XL: |  1  2  3  4 |
---------------+-------------+-----
Short Blades   | 3 |  3.7
Dodging        | 3 |  3.6
Armour         | 1 2 |  2.2
Stealth        | 3 |  3.1
Fighting       | |  3.8

Action                   |  1- 3 |  4- 6 || total
-------------------------+-------+-------++-------
Melee: Short sword       |   178 |    88 ||   266
  Use: Scroll            |     1 |       ||     1
       Potion            |       |     7 ||     7
 Stab: Sleeping          |     3 |     5 ||     8
  Eat: Chunk             |    14 |     8 ||    22
Armor: Robe              |    14 |       ||    14
       Ring mail         |    56 |    21 ||    77
Dodge: Dodged            |   128 |    30 ||   158
